 Dungeon Crawl Stone Soup version 0.27.1-33-g824d729ab1 (webtiles) character file.

Game seed: 2556539835864533374

1675 crazykiddeath the Destroyer (level 8, -2/41 HPs)
             Began as a Deep Elf Conjurer on Dec 9, 2021.
             Was an Initiate of Vehumet.
             Slain by a +2 vorpal great sword (12 damage)
             ... created by the rancor of the Wu Jian Council
             ... on level 6 of the Dungeon.
             The game lasted 01:36:02 (8233 turns).

crazykiddeath the Destroyer (Deep Elf Conjurer)     Turns: 8233, Time: 01:36:02

Health: -2/41      AC:  5    Str:  4    XL:     8   Next: 70%
Magic:  0/23       EV: 13    Int: 26    God:    Vehumet [......]
Gold:   304        SH:  0    Dex: 13    Spells: 20/26 levels left

rFire    . . .     SeeInvis .   E - +1 dagger (flame)
rCold    . . .     Faith    .   (no shield)
rNeg     . . .     Spirit   +   a - +0 robe
rPois    .         Reflect  .   D - +0 helmet
rElec    .         Harm     .   J - scarf {+Inv}
rCorr    .         Rampage  .   j - +0 pair of gloves
Will     .....                  h - +0 pair of boots
Stlth    +.........             t - amulet of guardian spirit
HPRegen  0.13/turn              H - ring of flight
MPRegen  0.18/turn              (no ring)

@: mighty, silenced (expiring), flying, hasted, very quick
A: no striking features
a: Renounce Religion, Evoke Invisibility


You were on level 6 of the Dungeon.
You worshipped Vehumet.
Vehumet was noncommittal.
You visited 2 branches of the dungeon, and saw 7 of its levels.

You collected 304 gold pieces.

Inventory:

Hand Weapons
 b - a +0 spear
 o - a +0 hunting sling
 s - a +0 whip
 u - a +0 scythe
 x - a +0 short sword
 y - a +0 whip
 E - a +1 dagger of flaming (weapon)
 L - a +0 dagger of pain
Missiles
 c - 72 arrows
 q - 29 bolts
 r - 165 stones
 A - 26 sling bullets
Armour
 a - a +0 robe (worn)
 e - a +0 robe
 h - a +0 pair of boots (worn)
 j - a +0 pair of gloves (worn)
 l - a +0 robe
 m - a +0 kite shield
 p - a +0 leather armour
 v - a +0 robe
 C - a +0 animal skin
 D - a +0 helmet (worn)
 J - a scarf of invisibility (worn)
Jewellery
 t - an amulet of guardian spirit (around neck)
 H - a ring of flight (left hand)
Scrolls
 d - 2 scrolls of silence {unknown}
 g - 7 scrolls of identify {unknown}
 k - 3 scrolls of teleportation {unknown}
 w - a scroll of immolation {unknown}
 F - a scroll of enchant armour {unknown}
 G - a scroll of fear {unknown}
 M - a scroll of magic mapping {unknown}
Potions
 i - a potion of flight
 n - a potion of cancellation {unknown}
 z - a potion of haste
 K - a potion of brilliance {unknown}


   Skills:
 + Level 3.9 Dodging
 - Level 2.4 Stealth
 + Level 9.8 Spellcasting
 + Level 9.9 Conjurations


You had 20 spell levels left.
You knew the following spells:

 Your Spells              Type           Power      Damage    Failure   Level
a - Magic Dart            Conj           100%       1d8       1%          1
b - Searing Ray           Conj           100%       3d7       1%          2
c - Stone Arrow           Conj/Erth      76%        3d11      1%          3

Your spell library contained the following spells:

 Spells                   Type           Power      Damage    Failure   Level
 Dazzling Flash           Conj/Hex       76%        N/A       1%          3
 Apportation              Tloc           24%        N/A       4%          1
 Fulminant Prism          Conj/Hex       19%        3d11      6%          4
 Iskenderun's Mystic Bla  Conj/Tloc      38%        2d9       6%          4
 Slow                     Hex            12%        N/A       7%          2
 Confusing Touch          Hex            12%        N/A       14%         3
 Bolt of Magma            Conj/Fire/Erth 15%        4d9       32%         5
 Alistair's Intoxication  Tmut/Pois      8%         N/A       78%         5
 Yara's Violent Unravell  Hex/Tmut       6%         3d5       78%         5
 Invisibility             Hex            6%         N/A       100%        6
 Shatter                  Erth           6%         3d9*      100%        9


Dungeon Overview and Level Annotations

Branches:
Dungeon (6/15)             Temple (1/1) D:4

Altars:
Ashenzari
Cheibriados
Dithmenos
Elyvilon
Fedhas
Gozag
Hepliaklqana
Kikubaaqudgha
Makhleb
Okawaru
Qazlal
Ru
Sif Muna
Trog
Uskayaw
Vehumet
Wu Jian
The Shining One

Shops:
D:1 [

Annotations:
D:6 1 runed translucent door, Crazy Yiuf


Message History

3 dancing weapons come into view.
There is a +4 quarterstaff of flaming.
There is a +2 vorpal great sword.
There is a +4 great sword of freezing.
Press: ? - help, v - describe, . - travel
Here: a +2 vorpal great sword (silenced, durably summoned)
The floor.
Unknown command.
Unknown command.
Unknown command.
Really attack while wielding your +0 hunting sling?
Okay, then.
Okay, then.
It was a potion of curing.
You feel better.
It was a potion of flight.
You feel more buoyant.
It was a potion of haste.
You feel yourself speed up.
The +4 great sword of freezing closely misses you.
The +2 vorpal great sword hits you.
Your +1 dagger of flaming bursts into flame!
E - a +1 dagger of flaming (weapon)
You closely miss the +2 vorpal great sword.
You hit the +2 vorpal great sword but do no damage.
The +2 vorpal great sword hits you!
The +4 great sword of freezing misses you.
You closely miss the +2 vorpal great sword.
You hit the +2 vorpal great sword but do no damage.
The +2 vorpal great sword hits you but does no damage.
The +4 great sword of freezing misses you.
It was a potion of magic.
Magic courses through your body.
It was a potion of might.
You feel very mighty all of a sudden.
You closely miss the +2 vorpal great sword.
The +2 vorpal great sword hits you!!
The +4 great sword of freezing hits you!
* * * LOW HITPOINT WARNING * * *
The +4 great sword of freezing freezes you!
* * * LOW HITPOINT WARNING * * *
You feel better.
You closely miss the +2 vorpal great sword.
The +2 vorpal great sword hits you!
You die...

##.##
#...##
##).)#
###.###
#))))#
##.....##
##))##
#.......###
♣)P))♣
#..........
♣.PP♣♣
#.....##...
♣♣.♣♣
#.....####.
♣(♣♣
#...####...
♣♣@♣
#..##......
♣(♣
##.)#......
♣♣(
#..[).....
+#
##..)..<..
..
###......
..#
..........
.)#
..........
###
.##.......
#...>....


You could see 3 dancing weapons.

Vanquished Creatures
  A centaur zombie (D:5)
  Sigmund (D:2)
  11 dancing weapons (D:5)
  Duvessa (D:5)
  3 sky beasts (D:5)
  A necrophage (D:5)
  A phantom (D:5)
  A scorpion (D:5)
  Dowan (D:5)
  A bullfrog zombie (D:5)
  2 jellies (D:5)
  3 hounds
  3 orc priests
  A bullfrog skeleton (D:2)
  A centaur skeleton (D:4)
  An iguana (D:5)
  An orc wizard (D:5)
  Robin (D:3)
  4 adders
  A shadow imp (D:5)
  A white imp (D:5)
  An ufetubus (D:6)
  A worm (D:4)
  A dart slug (D:1)
  19 orcs
  A bat (D:3)
  9 endoplasms
  2 giant cockroaches
  12 goblins
  7 hobgoblins
  4 jackals (D:1)
  5 kobolds
  A quokka (D:1)
  4 ball pythons
  A frilled lizard (D:2)
  4 rats
113 creatures vanquished.

Notes
Turn   | Place    | Note
-------+----------+-------------------------------------------
     0 | D:1      | crazykiddeath the Deep Elf Conjurer began the quest for the
                  | Orb.
     0 | D:1      | Reached XP level 1. HP: 10/10 MP: 6/6
   642 | D:1      | Reached XP level 2. HP: 15/15 MP: 4/8
   677 | D:1      | Learned a level 2 spell: Searing Ray
   832 | D:1      | Found Uvekho's Antique Armour Shop.
  1240 | D:2      | Reached skill level 5 in Conjurations
  1326 | D:2      | Reached XP level 3. HP: 19/19 MP: 5/9
  1700 | D:2      | Reached XP level 4. HP: 24/24 MP: 4/11
  2370 | D:2      | Noticed Sigmund
  2382 | D:2      | Killed Sigmund
  2383 | D:2      | Reached XP level 5. HP: 19/28 MP: 4/13
  2633 | D:3      | Found an ornate altar of the Wu Jian Council.
  2962 | D:3      | Found a bloodstained altar of Trog.
  2975 | D:3      | Reached XP level 6. HP: 30/32 MP: 6/15
  3166 | D:3      | Noticed Robin
  3185 | D:3      | Killed Robin
  3277 | D:3      | Reached skill level 5 in Spellcasting
  3631 | D:3      | Found a faded altar of an unknown god.
  3636 | D:3      | Became a worshipper of the Wu Jian Council
  3636 | D:3      | Reached * piety under Wu Jian
  3948 | D:4      | Found a staircase to the Ecumenical Temple.
  3957 | Temple   | Entered the Ecumenical Temple
  3989 | Temple   | Fell from the grace of Wu Jian
  3989 | Temple   | Became a worshipper of Vehumet
  5826 | D:5      | Entered Level 5 of the Dungeon
  5905 | D:5      | Noticed a sky beast
  5983 | D:5      | Noticed a +2 rapier of flaming
  5983 | D:5      | Noticed a +0 quarterstaff of speed
  5983 | D:5      | Noticed a +3 vorpal dire flail
  5987 | D:5      | Killed a +2 rapier of flaming
  5987 | D:5      | Killed a +0 quarterstaff of speed
  5989 | D:5      | Killed a +3 vorpal dire flail
  6028 | D:5      | Noticed a +2 vorpal rapier
  6028 | D:5      | Noticed a +4 vorpal quarterstaff
  6028 | D:5      | Noticed a +3 great sword of freezing
  6028 | D:5      | Killed a +2 vorpal rapier
  6029 | D:5      | Killed a +4 vorpal quarterstaff
  6031 | D:5      | Killed a +3 great sword of freezing
  6089 | D:5      | Reached XP level 7. HP: 31/36 MP: 6/18
  6510 | D:5      | Reached XP level 8. HP: 38/41 MP: 5/22
  6606 | D:5      | Learned a level 3 spell: Stone Arrow
  7281 | D:5      | Noticed Dowan
  7386 | D:5      | Noticed Duvessa
  7389 | D:5      | Killed Duvessa
  7390 | D:5      | Killed Dowan
  7538 | D:6      | Noticed a +2 rapier of freezing
  7662 | D:5      | Killed a +2 rapier of freezing
  8093 | D:6      | Found a runed translucent door.
  8094 | D:6      | Noticed Crazy Yiuf
  8233 | D:6      | Slain by a +2 vorpal great sword

Illustrated notes

Levels and vault maps discovered:
D:1:      dpeg_arrival_tiny_c, layout_rooms, serial_shops, shop
D:2:      layout_basic, uniq_sigmund
D:3:      layout_rooms, mainiacjoe_overflow_cross_hatched,
          nicolae_wu_jian_wuxing_cycle, shapermc_ecumenical_altar_petra,
          uniq_robin
D:4:      layout_basic, lemuel_temple_firewalk_a
D:5:      layout_loops_ring, uniq_duvessa
D:6:      layout_cave_pools, grunt_temple_overflow_order_and_chaos_1,
          minmay_three_doors, uniq_crazy_yiuf_cottage, uniq_pikel
Temple:   lightli_temple_of_artemis

Skill      XL: |  1  2  3  4  5  6  7  8 |
---------------+-------------------------+-----
Conjurations   | 5 7 9 |  9.9
Dodging        | 3 |  3.9
Spellcasting   | 4 6 8 9 |  9.8
Stealth        | |  2.4

Action                   |  1- 3 |  4- 6 |  7- 9 || total
-------------------------+-------+-------+-------++-------
Melee: Dagger            |       |       |     6 ||     6
 Fire: Hunting sling     |     3 |     2 |       ||     5
 Cast: Magic Dart        |    40 |    73 |    34 ||   147
       Searing Ray       |     6 |    24 |    20 ||    50
       Stone Arrow       |       |       |    11 ||    11
  Use: Potion            |       |       |     6 ||     6
Armor: Robe              |     1 |     5 |     8 ||    14
Dodge: Dodged            |     5 |    10 |    11 ||    26
